| TOP OF THE 1ST |
|
Fort Myers Miracles batting - Pitching for Port Lavaca Indians : RHP Toby Blythe
|
|
Pitching: RHP Toby Blythe
|
|
|
Batting: SHB Ronnie Chapman
|
0-0: Called Strike 0-1: Ball 1-1: Ball 2-1: Ground out 6-3 (Groundball, 6, EV 108.1 MPH)
|
|
Batting: RHB T.J. Stout
|
0-0: Fly out, F6 (Popup, 4M, EV 56.9 MPH)
|
|
Batting: RHB Bobby Hinson
|
0-0: Foul Ball, location: 2F 0-1: Swinging Strike 0-2: Ground out 6-3 (Groundball, 4MS, EV 81.3 MPH)
|
| Top of the 1st over - 0 runs, 0 hits, 0 errors, 0 left on base; Fort Myers 0 - Port Lavaca 0 |
| BOTTOM OF THE 1ST |
|
Port Lavaca Indians batting - Pitching for Fort Myers Miracles : RHP David Valerio
|
|
Pitching: RHP David Valerio
|
|
|
Batting: LHB William Tirado
|
0-0: Called Strike 0-1: Ball 1-1: Foul Ball, location: 2F 1-2: Fly out, F9 (Flyball, 9D, EV 93.1 MPH)
|
|
Batting: LHB Scott Loseke
|
0-0: Called Strike 0-1: Ball 1-1: Foul Ball, location: 2F 1-2: Ball 2-2: Ball 3-2: Ground out 5-3 (Groundball, 56, EV 90.0 MPH)
|
|
Batting: LHB Wally Joyner
|
0-0: Ground out U3 (Groundball, 3, EV 89.4 MPH)
|
| Bottom of the 1st over - 0 runs, 0 hits, 0 errors, 0 left on base; Fort Myers 0 - Port Lavaca 0 |
| TOP OF THE 2ND |
|
Fort Myers Miracles batting - Pitching for Port Lavaca Indians : RHP Toby Blythe
|
|
Batting: LHB Abraham Becerra
|
0-0: Ball 1-0: Swinging Strike 1-1: Called Strike 1-2: Foul Ball, location: 2F 1-2: Ball 2-2: Ball 3-2: Foul Ball, location: 2F 3-2: Base on Balls
|
|
Batting: RHB Galtero Gioacchini
|
0-0: Ball 1-0: Grounds into double play, 4-6-3 (Groundball, 4, EV 86.9 MPH)
|
|
Batting: RHB Michael Saccocio
|
0-0: Ball 1-0: Ball 2-0: Called Strike 2-1: Ball 3-1: Base on Balls
|
|
Batting: LHB Rodney Hodde
|
0-0: Ball 1-0: Ball 2-0: Ball 3-0: Base on Balls Michael Saccocio to second
|
|
Batting: LHB Stacey Pettis
|
0-0: Ground out U3 (Groundball, 34, EV 87.5 MPH)
|
| Top of the 2nd over - 0 runs, 0 hits, 0 errors, 2 left on base; Fort Myers 0 - Port Lavaca 0 |
| BOTTOM OF THE 2ND |
|
Port Lavaca Indians batting - Pitching for Fort Myers Miracles : RHP David Valerio
|
|
Batting: RHB Jeff Lawson
|
0-0: Called Strike 0-1: Fly out, F7 (Flyball, 78S, EV 83.1 MPH)
|
|
Batting: RHB Robbie Wine
|
0-0: Called Strike 0-1: SOLO HOME RUN (Flyball, 7LD, EV 104.4 MPH), Distance : 358 ft
|
|
Batting: RHB Geoff Petersen
|
0-0: Ball 1-0: DOUBLE (Flyball, 78D, EV 110.6 MPH)
|
|
Batting: LHB Raul Dominguez
|
0-0: Ball Geoff Petersen steals 3rd base 1-0: Swinging Strike 1-1: Ball 2-1: Ground out 6-3 (Groundball, 6, EV 83.8 MPH) Geoff Petersen scores
|
|
Batting: RHB Jeffrey Rhodes
|
0-0: Hit by Pitch
|
|
Batting: RHB Richard Johnson
|
0-0: Ball 1-0: Ball 2-0: Swinging Strike 2-1: Called Strike 2-2: Foul Ball, location: 2F 2-2: Ground out 3-1 (Groundball, 34S, EV 81.3 MPH)
|
| Bottom of the 2nd over - 2 runs, 2 hits, 0 errors, 1 left on base; Fort Myers 0 - Port Lavaca 2 |
| TOP OF THE 3RD |
|
Fort Myers Miracles batting - Pitching for Port Lavaca Indians : RHP Toby Blythe
|
|
Batting: RHB Rico Escobar
|
0-0: Fly out, F6 (Line Drive, 6, EV 61.9 MPH)
|
|
Batting: SHB Ronnie Chapman
|
0-0: Ball 1-0: Fly out, F7 (Flyball, 78M, EV 90.6 MPH)
|
|
Batting: RHB T.J. Stout
|
0-0: Foul Ball, location: 2F 0-1: Swinging Strike 0-2: Strikes out swinging
|
| Top of the 3rd over - 0 runs, 0 hits, 0 errors, 0 left on base; Fort Myers 0 - Port Lavaca 2 |
| BOTTOM OF THE 3RD |
|
Port Lavaca Indians batting - Pitching for Fort Myers Miracles : RHP David Valerio
|
|
Batting: LHB William Tirado
|
0-0: Foul Ball, location: 2F 0-1: Foul Ball, location: 2F 0-2: Ground out U3 (Groundball, 3, EV 99.4 MPH)
|
|
Batting: LHB Scott Loseke
|
0-0: Fly out, F7 (Line Drive, 7, EV 98.8 MPH)
|
|
Batting: LHB Wally Joyner
|
0-0: SINGLE (Line Drive, 56D, EV 96.3 MPH)
|
|
Batting: RHB Jeff Lawson
|
0-0: Ball 1-0: Foul Ball, location: 2F 1-1: Foul Ball, location: 2F 1-2: Ball 2-2: Strikes out looking
|
| Bottom of the 3rd over - 0 runs, 1 hit, 0 errors, 1 left on base; Fort Myers 0 - Port Lavaca 2 |
| TOP OF THE 4TH |
|
Fort Myers Miracles batting - Pitching for Port Lavaca Indians : RHP Toby Blythe
|
|
Batting: RHB Bobby Hinson
|
0-0: Called Strike 0-1: Ball 1-1: Ball 2-1: Swinging Strike 2-2: Fly out, F8 (Flyball, 8RD, EV 94.4 MPH)
|
|
Batting: LHB Abraham Becerra
|
0-0: Ball 1-0: Swinging Strike 1-1: DOUBLE (Line Drive, 78XD, EV 103.8 MPH)
|
|
Batting: RHB Galtero Gioacchini
|
0-0: Fly out, F9 (Flyball, 89S, EV 89.4 MPH)
|
|
Batting: RHB Michael Saccocio
|
0-0: Foul Ball, location: 2F 0-1: Fly out, F8 (Flyball, 8RXD, EV 96.3 MPH)
|
| Top of the 4th over - 0 runs, 1 hit, 0 errors, 1 left on base; Fort Myers 0 - Port Lavaca 2 |
| BOTTOM OF THE 4TH |
|
Port Lavaca Indians batting - Pitching for Fort Myers Miracles : RHP David Valerio
|
|
Batting: RHB Robbie Wine
|
0-0: Called Strike 0-1: Ground out 4-3 (Groundball, 4, EV 100.0 MPH)
|
|
Batting: RHB Geoff Petersen
|
0-0: Ground out 4-3 (Groundball, 34, EV 98.8 MPH)
|
|
Batting: LHB Raul Dominguez
|
0-0: Swinging Strike 0-1: Ball 1-1: Foul Ball, location: 2F 1-2: Ground out 6-3 (Groundball, 6, EV 77.5 MPH)
|
| Bottom of the 4th over - 0 runs, 0 hits, 0 errors, 0 left on base; Fort Myers 0 - Port Lavaca 2 |
| TOP OF THE 5TH |
|
Fort Myers Miracles batting - Pitching for Port Lavaca Indians : RHP Toby Blythe
|
|
Batting: LHB Rodney Hodde
|
0-0: Ball 1-0: Ball 2-0: Foul Ball, location: 2F 2-1: Called Strike 2-2: Foul Ball, location: 2F 2-2: Ball 3-2: Fly out, F9 (Flyball, 9LS, EV 83.1 MPH)
|
|
Batting: LHB Stacey Pettis
|
0-0: Ball 1-0: Foul Ball, location: 2F 1-1: Swinging Strike 1-2: Ground out 4-3 (Groundball, 4M, EV 87.5 MPH)
|
|
Batting: RHB Rico Escobar
|
0-0: Called Strike 0-1: Ground out 1-3 (Groundball, 34S, EV 63.8 MPH)
|
| Top of the 5th over - 0 runs, 0 hits, 0 errors, 0 left on base; Fort Myers 0 - Port Lavaca 2 |
| BOTTOM OF THE 5TH |
|
Port Lavaca Indians batting - Pitching for Fort Myers Miracles : RHP David Valerio
|
|
Batting: RHB Jeffrey Rhodes
|
0-0: Called Strike 0-1: Ball 1-1: Foul Ball, location: 2F 1-2: Strikes out swinging, 2-3 out at first.
|
|
Batting: RHB Richard Johnson
|
0-0: Ball 1-0: Foul Ball, location: 2F 1-1: Swinging Strike 1-2: Strikes out swinging
|
|
Batting: LHB William Tirado
|
0-0: Foul Ball, location: 2F 0-1: Ball 1-1: Ball 2-1: Swinging Strike 2-2: SINGLE (Groundball, 34D, EV 105.0 MPH)
|
|
Batting: LHB Scott Loseke
|
0-0: Called Strike William Tirado steals 2nd base 0-1: Foul Ball, location: 2F 0-2: Ball 1-2: Ball 2-2: Ball 3-2: Foul Ball, location: 2F 3-2: Ground out 6-3 (Groundball, 56D, EV 85.6 MPH)
|
| Bottom of the 5th over - 0 runs, 1 hit, 0 errors, 1 left on base; Fort Myers 0 - Port Lavaca 2 |
| TOP OF THE 6TH |
|
Fort Myers Miracles batting - Pitching for Port Lavaca Indians : RHP Toby Blythe
|
|
Batting: SHB Ronnie Chapman
|
0-0: Ball 1-0: Fly out, F8 (Line Drive, 8LD, EV 93.8 MPH)
|
|
Batting: RHB T.J. Stout
|
0-0: Ball 1-0: Called Strike 1-1: Ball 2-1: Ball 3-1: Called Strike 3-2: Fly out, F9 (Flyball, 9, EV 96.9 MPH)
|
|
Batting: RHB Bobby Hinson
|
0-0: Called Strike 0-1: Foul Ball, location: 2F 0-2: Ball 1-2: Foul Ball, location: 2F 1-2: Ground out 6-3 (Groundball, 6S, EV 86.9 MPH)
|
| Top of the 6th over - 0 runs, 0 hits, 0 errors, 0 left on base; Fort Myers 0 - Port Lavaca 2 |
| BOTTOM OF THE 6TH |
|
Port Lavaca Indians batting - Pitching for Fort Myers Miracles : RHP David Valerio
|
|
Batting: LHB Wally Joyner
|
0-0: Called Strike 0-1: Called Strike 0-2: Ball 1-2: Fly out, F8 (Flyball, 89D, EV 100.6 MPH)
|
|
Batting: RHB Jeff Lawson
|
0-0: Ball 1-0: Called Strike 1-1: Called Strike 1-2: Strikes out swinging
|
|
Batting: RHB Robbie Wine
|
0-0: DOUBLE (Groundball, 3L, EV 101.9 MPH)
|
|
Batting: RHB Geoff Petersen
|
0-0: Called Strike 0-1: Ball 1-1: Fly out, F7 (Flyball, 7LS, EV 96.9 MPH)
|
| Bottom of the 6th over - 0 runs, 1 hit, 0 errors, 1 left on base; Fort Myers 0 - Port Lavaca 2 |
| TOP OF THE 7TH |
|
Fort Myers Miracles batting - Pitching for Port Lavaca Indians : RHP Toby Blythe
|
|
Batting: LHB Abraham Becerra
|
0-0: Called Strike 0-1: Called Strike 0-2: Strikes out swinging
|
|
Batting: RHB Galtero Gioacchini
|
0-0: Foul Ball, location: 2F 0-1: Ball 1-1: Foul Ball, location: 2F 1-2: SINGLE (Line Drive, 9LM, EV 108.1 MPH)
|
|
Batting: RHB Michael Saccocio
|
0-0: Grounds into double play, 6-4-3 (Groundball, 6, EV 98.8 MPH)
|
| Top of the 7th over - 0 runs, 1 hit, 0 errors, 0 left on base; Fort Myers 0 - Port Lavaca 2 |
| BOTTOM OF THE 7TH |
|
Port Lavaca Indians batting - Pitching for Fort Myers Miracles : RHP David Valerio
|
|
Batting: LHB Raul Dominguez
|
0-0: Ball 1-0: Ball 2-0: Fly out, F8 (Flyball, 89M, EV 83.8 MPH)
|
|
Batting: RHB Jeffrey Rhodes
|
0-0: Called Strike 0-1: Ground out 5-3 (Groundball, 56S, EV 73.8 MPH)
|
|
Batting: RHB Richard Johnson
|
0-0: Ground out 3-1 (Groundball, 34S, EV 83.8 MPH)
|
| Bottom of the 7th over - 0 runs, 0 hits, 0 errors, 0 left on base; Fort Myers 0 - Port Lavaca 2 |
| TOP OF THE 8TH |
|
Fort Myers Miracles batting - Pitching for Port Lavaca Indians : RHP Toby Blythe
|
|
Now in RF: Ralph Sheffield
|
|
|
Batting: LHB Rodney Hodde
|
0-0: Called Strike 0-1: Foul Ball, location: 2F 0-2: Strikes out swinging
|
|
Batting: LHB Stacey Pettis
|
0-0: Ball 1-0: Called Strike 1-1: Called Strike 1-2: Foul Ball, location: 2F 1-2: Fly out, F8 (Flyball, 8LM, EV 85.6 MPH)
|
|
Batting: RHB Rico Escobar
|
0-0: Fly out, F4 (Line Drive, 4, EV 64.4 MPH)
|
| Top of the 8th over - 0 runs, 0 hits, 0 errors, 0 left on base; Fort Myers 0 - Port Lavaca 2 |
| BOTTOM OF THE 8TH |
|
Port Lavaca Indians batting - Pitching for Fort Myers Miracles : RHP David Valerio
|
|
Batting: LHB William Tirado
|
0-0: Swinging Strike 0-1: Called Strike 0-2: Foul Ball, location: 2F 0-2: Ball 1-2: Ground out 4-3 (Groundball, 34, EV 85.0 MPH)
|
|
Batting: LHB Scott Loseke
|
0-0: Called Strike 0-1: Ground out U3 (Groundball, 34, EV 83.8 MPH)
|
|
Batting: LHB Wally Joyner
|
0-0: Ball 1-0: Ball 2-0: Fly out, F4 (Line Drive, 4, EV 62.5 MPH)
|
| Bottom of the 8th over - 0 runs, 0 hits, 0 errors, 0 left on base; Fort Myers 0 - Port Lavaca 2 |
| TOP OF THE 9TH |
|
Fort Myers Miracles batting - Pitching for Port Lavaca Indians : RHP Toby Blythe
|
|
Batting: SHB Ronnie Chapman
|
0-0: Ground out U3 (Groundball, 3L, EV 103.1 MPH)
|
|
Batting: RHB T.J. Stout
|
0-0: Ball 1-0: Ball 2-0: Called Strike 2-1: Called Strike 2-2: Fly out, F9 (Flyball, 9S, EV 84.4 MPH)
|
|
Batting: RHB Bobby Hinson
|
0-0: Called Strike 0-1: Ball 1-1: Ball 2-1: SINGLE (Line Drive, 78M, EV 96.3 MPH)
|
|
Batting: LHB Abraham Becerra
|
0-0: Fly out, F9 (Line Drive, 9, EV 90.0 MPH)
|
| Top of the 9th over - 0 runs, 1 hit, 0 errors, 1 left on base; Fort Myers 0 - Port Lavaca 2 |
|